 Dungeon Crawl Stone Soup version 0.28.0-53-g5a82cb258f (webtiles) character file.

Game seed: 11837672355996322092

39158 cbfl8 the Tortoise (level 13, -5/183 HPs)
             Began as a Minotaur Berserker on Aug 3, 2022.
             Was an Elder of Trog.
             Slain by an ettin simulacrum (14 damage)
             ... on level 15 of the Dungeon on Aug 5, 2022.
             The game lasted 00:28:23 (21683 turns).

cbfl8 the Tortoise (Minotaur Berserker)            Turns: 21683, Time: 00:28:24

Health: -5/183     AC: 24    Str: 22    XL:     13   Next: 67%
Magic:  12/12      EV:  9    Int: 17    God:    Trog [****..]
Gold:   885        SH:  0    Dex: 15    Spells: 12/12 levels left

rFire   + . .      SeeInvis .   A - +2 battleaxe (venom)
rCold   . . .      Faith    .   (shield currently unavailable)
rNeg    + + .      Spirit   .   r - +0 plate armour
rPois   .          Reflect  .   (helmet restricted)
rElec   .          Harm     .   x - +2 cloak
rCorr   .          Rampage  .   e - +0 pair of gloves
Will    .....                   J - +0 pair of boots
Stlth   ..........              (no amulet)
HPRegen 0.40/turn               z - ring "Qurom" {rN+ Int+7}
MPRegen 0.13/turn               B - ring "Wahuis" {rF+ rN+ Int+6 Stlth+}

@: berserking, very quick
A: horns 2, retaliatory headbutt
a: Renounce Religion, Berserk, Trog's Hand, Brothers in Arms


You were on level 15 of the Dungeon.
You worshipped Trog.
Trog was greatly pleased with you.
You visited 1 branch of the dungeon, and saw 15 of its levels.
You also visited: Bailey.

You collected 1025 gold pieces.
You spent 140 gold pieces at shops.

Inventory:

Hand Weapons
 i - a +0 antimagic short sword
 m - a +2 battleaxe of flaming
 A - a +2 battleaxe of venom (weapon)
Missiles
 w - 4 throwing nets
Armour
 e - a +0 pair of gloves (worn)
 r - a +0 plate armour (worn)
 t - a scarf of repulsion
 x - a +2 cloak (worn)
 J - a +0 pair of boots (worn)
Jewellery
 o - a +4 ring of protection
 z - the ring "Qurom" (left hand) {rN+ Int+7}
   (You found it in a bailey)

   [ring of positive energy]

   Int:       It affects your intelligence (+7).
   rN:        It protects you from negative energy.
 B - the ring "Wahuis" (right hand) {rF+ rN+ Int+6 Stlth+}
   (You found it in a bailey)

   [ring of intelligence]

   Int:       It affects your intelligence (+6).
   rF:        It protects you from fire.
   rN:        It protects you from negative energy.
   Stlth:     It makes you more stealthy.
 G - a +6 ring of strength
 O - a ring of resist corrosion
 P - a ring of see invisible
Wands
 a - a wand of paralysis (13)
 b - a wand of polymorph (5)
 q - a wand of flame (32) (quivered)
 C - a wand of iceblast (13)
 Q - a wand of charming (5)
Scrolls
 c - 3 scrolls of enchant weapon
 d - 4 scrolls of teleportation
 k - a scroll of holy word
 p - 3 scrolls of blinking
 v - 5 scrolls of fear
 E - a scroll of magic mapping {unknown}
 I - 2 scrolls of silence
 K - a scroll of noise
 L - a scroll of immolation {unknown}
 M - a scroll of brand weapon {unknown}
 N - a scroll of summoning {unknown}
 R - a scroll of vulnerability {unknown}
Potions
 f - a potion of resistance {unknown}
 g - 5 potions of lignification
 h - a potion of might {unknown}
 j - 7 potions of curing
 l - 2 potions of ambrosia
 n - 3 potions of haste
 s - 2 potions of invisibility
 u - 5 potions of attraction
 D - 2 potions of flight {unknown}
 F - a potion of magic {unknown}
 H - a potion of brilliance {unknown}
Miscellaneous
 y - a condenser vane
 S - a tin of tremorstones (2/2)


   Skills:
 * Level 13.5 Fighting
 + Level 16.0 Axes
 * Level 16.0 Armour
 + Level 4.0 Dodging
 + Level 2.0 Stealth
 * Level 8.5 Evocations


You had 12 spell levels left.
You didn't know any spells.
Your spell library was empty.

Dungeon Overview and Level Annotations

Branches:
Dungeon (15/15)            Temple (0/1) D:5            Lair (0/6) D:9
    Orc (0/2) D:10         Vaults (0/5) D:13         Bailey (visited)
 Depths: D:15

Altars:
Cheibriados
Hepliaklqana
Nemelex Xobeh
Uskayaw
Xom
Yredelemnul

Shops:
D:9 !

Portals:
Trove: D:13 (give horn of Geryon)


Innate Abilities, Weirdness & Mutations

You have a pair of horns on your head.
You reflexively headbutt those who attack you in melee.


Message History

The ettin hits you with a +1 dire flail of protection.
* * * LOW HITPOINT WARNING * * *
The ettin hits you with a +0 dire flail.
* * * LOW HITPOINT WARNING * * *
You slice the ettin!!
You feel the power of Trog in you as your rage grows.
You kill the ettin!
Trog accepts your kill.
You hit the deep troll.
The deep troll looks as sick as possible!
A freezing mist starts to gather...
An ettin simulacrum comes into view.
The deep troll closely misses you.
The deep troll claws you but does no damage. x2
Your Axes skill increases to level 16!
Your Armour skill increases to level 16!
You slash the deep troll!
The deep troll is severely wounded.
You slash the ettin simulacrum! The deep troll barely misses you.
The deep troll claws you but does no damage.
The deep troll claws you.
* * * LOW HITPOINT WARNING * * *
You barely miss the necromancer. You hit the ettin simulacrum.
You barely miss the deep troll.
The necromancer hits you but does no damage.
You slice the necromancer!!
The necromancer looks as sick as possible!
You headbutt the necromancer.
You kill the necromancer!
Trog accepts your kill.
Trog appreciates your killing of a magic user.
You hit the ettin simulacrum.
You hit the deep troll but do no damage.
The deep troll looks as sick as possible!
A freezing mist starts to gather...
A necromancer simulacrum comes into view.
The ettin simulacrum hits you!
* * * LOW HITPOINT WARNING * * *
The ettin simulacrum freezes you!
You die...

.#. .#.# p.# ...#
#.. . #####.####...
#.#####T.Z.#.....#
#....Z@)T....#
#.######Z..#.......
#####<#.#.## #. .#
#. # .# #


You could see 2 deep trolls, an ettin simulacrum and 2 necromancer simulacra.

Vanquished Creatures
  Rupert (D:13)
  4 entropy weavers (D:14)
  Snorg (D:14)
  An ettin (D:15)
  A rakshasa (D:14)
  A hydra (D:9)
  4 boulder beetles
  2 centaur warriors
  2 ogre magi
  3 ghost crabs (D:14)
  A catoblepas (D:14)
  7 two-headed ogres
  A death yak (D:9)
  4 fire crabs (D:14)
  A deep troll (D:15)
  2 deep elf pyromancers
  An ugly thing (D:13)
  2 necromancers (D:15)
  4 cyclopes
  A manticore (D:14)
  An elephant (D:9)
  An apocalypse crab (D:14)
  An efreet (D:14)
  A komodo dragon (D:12)
  A tengu conjurer (D:14)
  A troll (D:10)
  Grinder (D:5)
  5 slime creatures
  8 hornets
  Sigmund (D:4)
  2 shadows
  2 wraiths
  2 basilisks (D:9)
  2 wyverns (D:9)
  A human (shapeshifter) (D:14)
  6 yaks (D:5)
  Grum (Bailey)
  2 steam dragons
  2 vampire mosquitoes (D:10)
  An acid dragon (D:11)
  Duvessa (D:5)
  2 water moccasins
  A floating eye (D:10)
  An ice beast (D:8)
  An orc warrior (D:10)
  3 necrophages
  A black bear (D:7)
  3 sky beasts (D:6)
  A hornet zombie (D:8)
  An ogre (D:3)
  7 wolves (Bailey)
  11 centaurs
  A phantom (D:5)
  A kobold brigand (D:9)
  9 gnoll sergeants
  2 bullfrogs
  A scorpion (D:4)
  A wyvern skeleton (D:7)
  Dowan (D:5)
  2 water moccasin skeletons
  9 wights (D:9)
  14 killer bees
  3 howler monkeys
  An electric eel (D:6)
  4 centaur zombies
  A bullfrog zombie (D:6)
  4 hounds
  3 orc priests
  2 bullfrog skeletons
  A jelly (D:7)
  6 gnoll shamans (Bailey)
  Jessica (D:2)
  Natasha (thrice) (D:3)
  4 iguanas
  5 orc wizards
  A hound skeleton (D:4)
  Robin (D:2)
  16 gnolls
  2 howler monkey skeletons
  3 adders
  A shadow imp (D:4)
  2 white imps
  3 worms
  A dart slug (D:1)
  24 orcs
  7 ball pythons
  5 endoplasms
  5 giant cockroaches
  15 goblins
  9 hobgoblins
  5 jackals
  10 kobolds
  5 quokkas
  7 bats
  13 frilled lizards
  4 rats
  A spectral goblin (D:1)
338 creatures vanquished.

Vanquished Creatures (others)
  12 plants
12 creatures vanquished.

Grand Total: 350 creatures vanquished

Notes
Turn   | Place    | Note
-------+----------+-------------------------------------------
     0 | D:1      | cbfl8 the Minotaur Berserker began the quest for the Orb.
     0 | D:1      | Reached XP level 1. HP: 19/19 MP: 0/0
    81 | D:1      | Reached XP level 2. HP: 12/27 MP: 1/1
   755 | D:1      | Found a faded altar of an unknown god.
   769 | D:1      | Reached XP level 3. HP: 30/33 MP: 2/2
  1376 | D:2      | Reached ** piety under Trog
  1684 | D:2      | Noticed Robin
  1691 | D:2      | Reached XP level 4. HP: 27/41 MP: 3/3
  1836 | D:2      | Killed Robin
  2038 | D:2      | Noticed Jessica
  2047 | D:2      | Killed Jessica
  2048 | D:2      | Reached skill level 5 in Axes
  2052 | D:2      | HP: 1/41 [poisoned by Jessica]
  2519 | D:3      | Reached XP level 5. HP: 42/47 MP: 4/4
  2729 | D:3      | Noticed an ogre
  2735 | D:3      | Reached skill level 1 in Evocations
  2735 | D:3      | Killed an ogre
  2736 | D:3      | Reached skill level 5 in Fighting
  2864 | D:3      | Noticed a centaur
  2873 | D:3      | Killed a centaur
  2874 | D:3      | Reached XP level 6. HP: 56/56 MP: 5/5
  3057 | D:3      | Noticed Natasha
  3062 | D:3      | Killed Natasha
  3141 | D:3      | Reached *** piety under Trog
  3186 | D:3      | Noticed Natasha
  3200 | D:3      | Killed Natasha
  3201 | D:3      | Reached skill level 5 in Armour
  3442 | D:3      | Noticed Natasha
  3450 | D:3      | Killed Natasha
  3850 | D:4      | Reached XP level 7. HP: 61/61 MP: 6/6
  3878 | D:4      | Noticed Sigmund
  3885 | D:4      | Killed Sigmund
  4354 | D:5      | Entered Level 5 of the Dungeon
  4462 | D:5      | Reached skill level 1 in Stealth
  4495 | D:5      | Found a staircase to the Ecumenical Temple.
  4505 | D:5      | Noticed Grinder
  4526 | D:5      | Killed Grinder
  4527 | D:5      | Reached XP level 8. HP: 53/70 MP: 7/7
  4856 | D:5      | Noticed Dowan
  4856 | D:5      | Noticed Duvessa
  4870 | D:5      | Killed Duvessa
  4870 | D:5      | Killed Dowan
  5224 | D:5      | Reached XP level 9. HP: 79/79 MP: 8/8
  5461 | D:5      | Found a snail-covered altar of Cheibriados.
  6428 | D:6      | Found a shimmering altar of Xom.
  6431 | D:6      | Found a sparkling altar of Nemelex Xobeh.
  7644 | D:7      | Found a hide-covered altar of Uskayaw.
  7837 | D:7      | Reached **** piety under Trog
  8156 | D:7      | Reached skill level 5 in Evocations
  8195 | D:7      | Reached skill level 10 in Axes
  8302 | D:7      | Identified the +1 robe of Courage {Dex+2}
  8581 | D:8      | Reached XP level 10. HP: 90/90 MP: 9/9
  8813 | D:8      | Found a flagged portal.
  8823 | Bailey   | Entered a bailey
  8983 | Bailey   | Reached skill level 10 in Armour
  9544 | Bailey   | Identified the ring "Qurom" {rN+ Int+7}
  9861 | Bailey   | Noticed Grum
  9878 | Bailey   | Killed Grum
 10152 | Bailey   | Identified the ring "Wahuis" {rF+ rN+ Int+6 Stlth+}
 10965 | D:9      | Found Piffekha's Distillery.
 10974 | D:9      | Bought a potion of haste for 140 gold pieces
 10989 | D:9      | Noticed an elephant
 10990 | D:9      | Noticed a death yak
 11002 | D:9      | Killed an elephant
 11010 | D:9      | Killed a death yak
 11401 | D:9      | Reached XP level 11. HP: 57/98 MP: 10/10
 11661 | D:9      | Found a basalt altar of Yredelemnul.
 11837 | D:9      | Found a staircase to the Lair.
 12382 | D:10     | Entered Level 10 of the Dungeon
 12793 | D:10     | Reached ***** piety under Trog
 12794 | D:10     | Reached skill level 10 in Fighting
 12851 | D:10     | Noticed a two-headed ogre
 12859 | D:10     | Killed a two-headed ogre
 12865 | D:10     | Noticed a five-headed hydra
 12883 | D:9      | Killed a one-headed hydra
 13353 | D:10     | Found a staircase to the Orcish Mines.
 14152 | D:10     | Noticed an ogre mage
 14154 | D:10     | Paralysed by a hornet for 3 turns
 14161 | D:10     | Killed an ogre mage
 15330 | D:11     | Noticed a two-headed ogre
 15338 | D:11     | Killed a two-headed ogre
 15642 | D:11     | Noticed a boulder beetle
 15652 | D:11     | Noticed a two-headed ogre
 15660 | D:11     | Killed a two-headed ogre
 15661 | D:11     | Reached XP level 12. HP: 102/110 MP: 11/11
 15662 | D:11     | Killed a boulder beetle
 15854 | D:11     | Noticed a boulder beetle
 15865 | D:11     | Killed a boulder beetle
 16105 | D:12     | Noticed a boulder beetle
 16116 | D:12     | Killed a boulder beetle
 16696 | D:12     | Found a hazy altar of Hepliaklqana.
 17242 | D:13     | Noticed a centaur warrior
 17247 | D:13     | Noticed a two-headed ogre
 17253 | D:13     | Killed a centaur warrior
 17254 | D:13     | Killed a two-headed ogre
 17646 | D:13     | Noticed a two-headed ogre
 17646 | D:13     | Noticed a two-headed ogre
 17648 | D:13     | Noticed an ogre mage
 17653 | D:13     | Killed a two-headed ogre
 17654 | D:13     | Killed a two-headed ogre
 17658 | D:13     | Killed an ogre mage
 17750 | D:13     | Found a gate to the Vaults.
 17801 | D:13     | Identified the +1 leather armour of Ule Cal {Rampage rC+
                  | Str+6 SInv}
 17826 | D:13     | Noticed Rupert
 17826 | D:13     | Noticed a boulder beetle
 17847 | D:13     | Killed a boulder beetle
 17850 | D:13     | Killed Rupert
 18195 | D:13     | Found a portal to a secret trove of treasure.
 18381 | D:14     | Reached skill level 15 in Axes
 18846 | D:14     | Found a runed translucent door.
 18999 | D:14     | Noticed a two-headed ogre
 19022 | D:14     | Noticed a centaur warrior
 19026 | D:14     | Noticed a rakshasa
 19029 | D:14     | Killed a centaur warrior
 19030 | D:14     | Reached XP level 13. HP: 103/119 MP: 12/12
 19407 | D:14     | Noticed Snorg
 19900 | D:14     | Reached skill level 15 in Armour
 19961 | D:14     | Killed Snorg
 20635 | D:14     | Noticed an entropy weaver
 20649 | D:14     | Killed an entropy weaver
 20720 | D:14     | Noticed an entropy weaver
 20732 | D:14     | Killed an entropy weaver
 21091 | D:14     | Noticed an entropy weaver
 21099 | D:14     | Killed an entropy weaver
 21410 | D:14     | Noticed an entropy weaver
 21422 | D:14     | Killed an entropy weaver
 21435 | D:14     | Identified the +1 leather armour of Tululear {rC+ Regen+
                  | Str+4 Dex-3}
 21648 | D:15     | Entered Level 15 of the Dungeon
 21659 | D:15     | Noticed an ettin
 21680 | D:15     | Killed an ettin
 21683 | D:15     | HP: 9/183 [ettin simulacrum (10)]
 21683 | D:15     | Slain by an ettin simulacrum

Illustrated notes

Levels and vault maps discovered:
D:1:      ebering_hopf_link, layout_rooms,
          dreamdust_ecumenical_altar_drowned_temple,
          chequers_serial_rivers_small_3, minmay_lizard_king
D:2:      layout_rooms, serial_forest, infiniplex_forest_clump_curved,
          infiniplex_forest_lined_room_, infiniplex_forest_lined_2,
          infiniplex_forest_fountain, infiniplex_forest_clump_diagonal,
          infiniplex_forest_straight_3, infiniplex_forest_end_1,
          infiniplex_forest_straight_3, uniq_robin, uniq_jessica
D:3:      layout_rooms, uniq_natasha
D:4:      layout_loops_ring, uniq_sigmund
D:5:      layout_basic, cheibrodos_worm_habitat, minmay_temple_entry_ruins,
          uniq_grinder, uniq_duvessa
D:6:      minmay_evil_eye, layout_gridville, nicolae_overflow_squiral
D:7:      wander_river, layout_basic, nicolae_overflow_crystal_walls
D:8:      layout_gridville, enter_bailey_7, roderic_malta_cross
D:9:      layout_basic, mainiacjoe_overflow_small_starburst, david_lair_generic,
          serial_shops, shop
D:10:     hellmonk_paralyzer, layout_cross, david_orc_3, minmay_misc_feat_iff
D:11:     layout_long_grid
D:12:     layout_loops_ring, nicolae_hepliaklqana_hazy_memory
D:13:     layout_roguey, david_vaults_2, enter_trove_1, uniq_rupert
D:14:     gammafunk_mikee_crab_dinner, layout_loops_ring, uniq_snorg
D:15:     hangedman_depths_entry_civil_slaughter, layout_loops_ring,
          serial_shops, nicolae_shop_hallway_plus,
          nicolae_shop_advertising_works [nicolae_subvault_shop_adworks], shop,
          nicolae_vehumet_altar_sigil

Skill      XL: |  1  2  3  4  5  6  7  8  9 10 11 12 13 |
---------------+----------------------------------------+-----
Axes           | 4 5 7 8 10 11 13 15 16 | 16.0
Fighting       | 4 5 6 7 8 9 11 12 13 | 13.5
Armour         | 3 4 5 6 8 9 11 13 14 16 | 16.0
Dodging        | 3 4 |  4.0
Evocations     | 1 2 3 5 7 8 |  8.5
Stealth        | 1 2 |  2.0

Action                   |  1- 3 |  4- 6 |  7- 9 | 10-12 | 13-15 || total
-------------------------+-------+-------+-------+-------+-------++-------
Melee: Hand axe          |    89 |    88 |    99 |       |       ||   276
       Headbutt          |    10 |    15 |    42 |   102 |    39 ||   208
       Punch             |     1 |     1 |     3 |     2 |       ||     7
       War axe           |       |       |   152 |    72 |       ||   224
       Battleaxe         |       |       |       |   315 |   120 ||   435
Invok: Berserk           |     3 |     5 |     5 |    15 |     8 ||    36
Evoke: Wand              |       |       |       |     1 |     1 ||     2
  Use: Potion            |       |     2 |       |     3 |     1 ||     6
       Scroll            |       |       |    10 |     6 |     3 ||    19
 Stab: Sleeping          |     1 |       |       |       |       ||     1
Armor: Animal skin       |    11 |       |       |       |       ||    11
       Ring mail         |     7 |    24 |       |       |       ||    31
       Plate armour      |       |    12 |   187 |   369 |   169 ||   737
Dodge: Dodged            |    67 |    53 |    79 |   242 |    64 ||   505
       Repelled          |       |       |     3 |       |       ||     3
